 Dungeon Crawl Stone Soup version 0.29-a0-284-gf9362112df (webtiles) character file.

Game seed: 14362924879029516587

999 Warped the Cleaver (level 8, -5/62 HPs)
             Began as a Minotaur Gladiator on Mar 22, 2022.
             Was an Initiate of Makhleb.
             Engulfed by a steam dragon's steam (9 damage)
             ... on level 6 of the Dungeon.
             The game lasted 00:10:34 (5250 turns).

Warped the Cleaver (Minotaur Gladiator)             Turns: 5250, Time: 00:10:34

Health: -5/62      AC:  8    Str: 22    XL:     8   Next: 0%
Magic:  7/7        EV: 10    Int:  5    God:    Makhleb [......]
Gold:   186        SH:  0    Dex: 11    Spells: 7/7 levels left

rFire   . . .      SeeInvis .   b - +3 hand axe
rCold   . . .      Faith    .   (no shield)
rNeg    . . .      Spirit   .   C - +0 scale mail
rPois   +          Reflect  .   c - +0 hat
rElec   .          Harm     .   u - +0 cloak
rCorr   .          Rampage  .   (no gloves)
Will    .....                   G - +0 pair of boots
Stlth   ..........              (no amulet)
HPRegen 0.20/turn               s - ring of poison resistance
MPRegen 0.10/turn               (no ring)

@: confused, ambrosia-drunk
A: horns 2, retaliatory headbutt
a: Renounce Religion


You were on level 6 of the Dungeon.
You worshipped Makhleb.
Makhleb was noncommittal.
You visited 2 branches of the dungeon, and saw 8 of its levels.

You collected 186 gold pieces.

Inventory:

Hand Weapons
 a - a +0 war axe
 b - a +3 hand axe (weapon)
 v - a +0 hunting sling
 D - a +0 flail of protection
 J - a +0 trident
Missiles
 d - 2 throwing nets (quivered)
 e - a javelin
 f - 215 stones
 i - 2 poisoned darts
Armour
 c - a +0 hat (worn)
 n - a +0 ring mail of positive energy
 o - the +4 kite shield of Dull Freedom {Fly rN+++ Int-4 Dex+7}
   (You found it on level 2 of the Dungeon)

   Int:       It affects your intelligence (-4).
   Dex:       It affects your dexterity (+7).
   rN:        It renders you almost immune to negative energy.
   Fly:       It grants you flight.
 u - a +0 cloak (worn)
 C - a +0 scale mail (worn)
 G - a +0 pair of boots (worn)
Magical Staves
 l - a staff of death
Jewellery
 s - a ring of poison resistance (left hand)
 H - an amulet of faith
Wands
 K - a wand of flame (6)
Scrolls
 g - 4 scrolls of teleportation {unknown}
 j - 3 scrolls of identify
 p - a scroll of magic mapping {unknown}
 q - 2 scrolls of fear {unknown}
 r - a scroll of brand weapon {unknown}
 y - a scroll of enchant armour {unknown}
 A - 2 scrolls of blinking {unknown}
 E - a scroll of summoning {unknown}
 F - a scroll of fog {unknown}
Potions
 h - 3 potions of resistance
 k - a potion of invisibility
 m - 3 potions of degeneration
 t - a potion of berserk rage {unknown}
 w - 3 potions of flight
 x - a potion of attraction {unknown}
 z - a potion of lignification
 B - 2 potions of magic
 L - a potion of might


   Skills:
 - Level 2.4 Fighting
 + Level 11.6 Axes
 - Level 2.0 Throwing
 - Level 3.2 Dodging


You had 7 spell levels left.
You didn't know any spells.
Your spell library contained the following spells:

 Spells                   Type           Power      Damage    Failure   Level
 Sting                    Tmut/Pois      0%         1d3       83%         1
 Corpse Rot               Necr/Air       0%         N/A       92%         2
 Poisonous Vapours        Pois/Air       0%         N/A       92%         2
 Dispel Undead            Necr           0%         3d6       100%        4
 Olgreb's Toxic Radiance  Pois           0%         N/A       100%        4
 Death Channel            Necr           0%         N/A       100%        6
 Dispersal                Tloc           0%         N/A       100%        6
 Disjunction              Tloc           0%         N/A       100%        8


Dungeon Overview and Level Annotations

Branches:
Dungeon (7/15)             Temple (1/1) D:6

Altars:
Ashenzari
Cheibriados
Dithmenos
Elyvilon
Fedhas
Gozag
Hepliaklqana
Kikubaaqudgha
Makhleb
Nemelex Xobeh
Okawaru
Qazlal
Ru
Uskayaw
Vehumet
Wu Jian
Zin
The Shining One

Annotations:
D:6 1 runed translucent door, HilariousDeathArtist's ghost, novice OgDe


Innate Abilities, Weirdness & Mutations

You have a pair of horns on your head.
You reflexively headbutt those who attack you in melee.


Message History

The steam dragon claws you but does no damage.
Unknown command.
Throw: 3 throwing nets
Press: ? - help, Q - select action, (/) - cycle Shift-Dir - straight line, f - steam dragon
Aim: a steam dragon (57% to hit)
You throw a throwing net. The throwing net hits the steam dragon.
The steam dragon is caught in the net!
The steam dragon struggles against the net.
You hit the steam dragon.
The steam dragon is lightly wounded.
The steam dragon struggles against the net.
The steam dragon breathes steam at you. The ball of steam hits you.
* * * LOW HITPOINT WARNING * * *
The steam dragon struggles against the net.
There is a stone staircase leading down here.
You hit the steam dragon.
The steam dragon is lightly wounded.
You are engulfed in a cloud of scalding steam.
The steam dragon struggles against the net.
You catch the helpless steam dragon completely off-guard!
You hit the steam dragon.
The steam dragon is moderately wounded.
The steam dragon struggles against the net.
You hit the steam dragon but do no damage.
The steam dragon is moderately wounded.
The steam dragon struggles against the net.
You hit the steam dragon.
You headbutt the steam dragon, but do no damage.
The steam dragon is moderately wounded.
The steam dragon breathes steam at you. The ball of steam hits you!
* * * LOW HITPOINT WARNING * * *
The steam dragon struggles against the net.
The net rips apart, and the steam dragon comes free!
It was a potion of ambrosia.
You are confused.
You feel invigorated.
You are engulfed in a cloud of scalding steam.
You die...

#..##..##.......................#
.................#...............
...#.....#.......#..........##...
..##.....####...........##..##...
.....##..# ##.............##....
.#....#.## #...................
####....# ##..§§....§..........
........# #...D.§§§.........[..
........## #.##@>#..§...........
.........####..#.................
.....##....###...................
#........<.........#........#.)..
###.#.........##..####......##...
#.#.........####..####.....####
####.....#.## #...........###
##....#..# #.............#
###....## ##.#.........##


You could see a steam dragon (catching breath).

Vanquished Creatures
  A water moccasin (D:5)
  An ice beast (D:6)
  An ogre (D:5)
  A phantom (D:4)
  A bullfrog (D:6)
  A scorpion (D:4)
  2 orc priests
  A jelly (D:6)
  2 iguanas
  4 orc wizards
  7 gnolls
  9 adders
  An ufetubus (D:3)
  3 worms
  A dart slug (D:1)
  23 orcs
  8 ball pythons
  8 bats
  4 endoplasms
  2 giant cockroaches
  12 goblins
  5 hobgoblins
  2 jackals (D:1)
  3 kobolds
  3 quokkas
  9 frilled lizards
  6 rats
121 creatures vanquished.

Vanquished Creatures (others)
  A jelly (D:7)
1 creature vanquished.

Grand Total: 122 creatures vanquished

Notes
Turn   | Place    | Note
-------+----------+-------------------------------------------
     0 | D:1      | Warped the Minotaur Gladiator began the quest for the Orb.
     0 | D:1      | Reached XP level 1. HP: 18/18 MP: 0/0
    16 | D:1      | Reached skill level 4 in Axes
    46 | D:1      | Reached XP level 2. HP: 23/25 MP: 1/1
   377 | D:1      | Reached skill level 5 in Axes
   500 | D:1      | Reached XP level 3. HP: 29/30 MP: 2/2
   875 | D:2      | Found a faded altar of an unknown god.
  1127 | D:2      | Identified the +4 kite shield of Dull Freedom {Fly rN+++
                  | Int-4 Dex+7}
  1598 | D:2      | Reached XP level 4. HP: 32/37 MP: 3/3
  1702 | D:3      | Reached skill level 6 in Axes
  2009 | D:3      | Found a snail-covered altar of Cheibriados.
  2421 | D:4      | Noticed a scorpion
  2424 | D:4      | Killed a scorpion
  2425 | D:4      | Reached skill level 7 in Axes
  2425 | D:4      | Reached XP level 5. HP: 42/42 MP: 4/4
  2731 | D:4      | Found a broken altar of Ashenzari.
  2753 | D:4      | Noticed a phantom
  2765 | D:4      | Killed a phantom
  2766 | D:4      | Reached skill level 8 in Axes
  2766 | D:4      | Reached XP level 6. HP: 40/50 MP: 5/5
  3140 | D:5      | Entered Level 5 of the Dungeon
  3153 | D:5      | Reached skill level 9 in Axes
  3638 | D:5      | Noticed a water moccasin
  3652 | D:5      | Killed a water moccasin
  3653 | D:5      | Reached XP level 7. HP: 36/56 MP: 6/6
  3654 | D:5      | Reached skill level 10 in Axes
  3799 | D:5      | Found a shadowy altar of Dithmenos.
  4033 | D:5      | Noticed a shadow
  4215 | D:6      | Found a staircase to the Ecumenical Temple.
  4225 | Temple   | Entered the Ecumenical Temple
  4394 | Temple   | Became a worshipper of Makhleb the Destroyer
  4673 | D:6      | Reached skill level 11 in Axes
  4870 | D:6      | Noticed HilariousDeathArtist's ghost (novice OgDe)
  4900 | D:6      | Found a runed translucent door.
  5229 | D:7      | Noticed a steam dragon
  5238 | D:7      | Reached XP level 8. HP: 14/62 MP: 7/7
  5250 | D:6      | Engulfed by a steam dragon's steam

Illustrated notes

Levels and vault maps discovered:
D:1:      wander_arrival_chamber, layout_loops_ring, minmay_ruptured
D:2:      layout_loops_ring, ebering_ecumenical_altar_mist,
          grunt_decor_arrowhead
D:3:      layout_basic, slow_altar_1
D:4:      layout_loops_cross, evilmike_ruin_ashenzari
D:5:      layout_cave_pools, mainiacjoe_overflow_boulevard,
          lightli_corner_chamber
D:6:      layout_cave_pools, minmay_temple_entry_proselytizer,
          hellmonk_ghost_happy_afterlife
D:7:      layout_rooms, gammafunk_ghost_smash
Temple:   regret_index_temple_generic_petals

Skill      XL: |  1  2  3  4  5  6  7 |
---------------+----------------------+-----
Axes           | 4 5 7 8 9 11 | 11.6
Fighting       | |  2.4
Throwing       | |  2.0
Dodging        | |  3.2

Action                   |  1- 3 |  4- 6 |  7- 9 || total
-------------------------+-------+-------+-------++-------
Melee: War axe           |    96 |       |       ||    96
       Headbutt          |     7 |    17 |    10 ||    34
       Punch             |     2 |       |     1 ||     3
       Hand axe          |     4 |   127 |    63 ||   194
Throw: Throwing net      |       |       |     1 ||     1
  Use: Scroll            |       |     8 |       ||     8
       Potion            |       |     1 |     3 ||     4
 Stab: Invisible         |       |     2 |     1 ||     3
       Held in net/web   |       |       |     1 ||     1
Armor: Leather armour    |    13 |       |       ||    13
       Ring mail         |    14 |    15 |       ||    29
       Scale mail        |       |    24 |    23 ||    47
Dodge: Dodged            |    68 |    66 |    35 ||   169

Table legend: (Time is in decaauts)
 A = Elapsed time spent in this place.
 B = Non-inter-level travel time spent in this place.
 C = Inter-level travel time spent in this place.
 D = Time resting spent in this place.
 E = Time spent auto-exploring this place.
 F = Levels seen in this place.
 G = Mean time per level.
                   A        B        C        D        E       F      G
               +--------+--------+--------+--------+--------+-----+--------+
         Total |   5247 |   4999 |    248 |    178 |   4001 |   8 |  655.9 |
       Dungeon |   4874 |   4660 |    214 |    178 |   3679 |   7 |  696.3 |
        Temple |    372 |    338 |     34 |      0 |    322 |   1 |  372.0 |
               +--------+--------+--------+--------+--------+-----+--------+

Top non-repeatable levels by time:
     D:5: 994 daAuts
     D:1: 891 daAuts
     D:2: 828 daAuts
     D:4: 725 daAuts
     D:3: 712 daAuts
     D:6: 711 daAuts
  Temple: 372 daAuts
     D:7: 10 daAuts
